[Event "Titled Tuesday Blitz November 22 Late 2022"]
[White "Tomaszewski, Kacper"]
[Black "Baltaci, Ismail Tarik"]
[WhiteFideId "1127373"]
[BlackFideId "6365213"]
[WhiteElo "2211"]
[BlackElo "2349"]
[Result "1/2-1/2"]
[Round "09"]
[TimeControl "180+1"]
[Date "2022.11.23"]
[WhiteClock "0:00:18"]
[BlackClock "0:00:19"]

1. Nf3 Nf6 2. e3 g6 3. b3 Bg7 4. Bb2 O-O 5. d4 d6 6. Be2 e5 7. dxe5 Nfd7 8. O-O Nc6 9. c4 Ndxe5 10. Nc3 Nxf3+ 11. Bxf3 Ne5 12. Be2 Bd7 13. Qd2 Bc6 14. Nd5 Bxd5 15. Qxd5 Nf3+ 16. Qxf3 Bxb2 17. Rab1 Be5 18. Qxb7 a5 19. Bf3 Rb8 20. Qa6 Bc3 21. Rfc1 Bb4 22. Qc6 Qe7 23. g3 h5 24. h4 Rfe8 25. Kg2 Rb6 26. Qd5 Ba3 27. Rc2 Qf6 28. Rd1 Re5 29. Qa8+ Kg7 30. Rd5 Rxd5 31. Bxd5 Bb4 32. Qe8 Qf5 33. Re2 Bc5 34. Qe4 Qf6 35. Qf4 Qxf4 36. exf4 c6 37. Bf3 Kf8 38. f5 gxf5 39. Bxh5 a4 40. bxa4 Rb4 41. Bf3 Rxa4 42. Bxc6 Rxc4 43. h5 f4 44. h6 Kg8 45. Be4 fxg3 46. Bf5 Kf8 47. fxg3 Bd4 48. g4 Be5 49. g5 Rf4 50. Rf2 Rxf2+ 51. Kxf2 Bf4 52. h7 Kg7 53. g6 fxg6 54. Bxg6 Be5 55. Bd3 Bc3 56. Kf3 Kf7 57. Ke4 Bd2 58. Kd5 Bf4 59. a4 Kg7 60. a5 Bg3 61. a6 Bf2 62. Ke6 Kh8 63. Kf7 Bc5 64. Be4 Ba7 65. Bd5 Bg1 66. Kg6 Bc5 67. Kf6 Bg1 68. Bg8 Bc5 69. Ke6 Bg1 70. Kxd6 Bf2 71. Kc6 Bg1 72. Kd5 Bf2 73. Ke6 Bg1 74. Kf6 Bf2 75. Kg6 Bg1 76. Bd5 Bf2 77. Be4 Bg1 78. Kf7 Bf2 79. Ke6 Bg1 80. Kd5 Bf2 81. Kc6 Bg1 82. Kb7 Bf2 83. Kc6 Bg1 84. Kd5 Bf2 85. Kc6 1/2-1/2


[Site "https://www.chess.com"]

[Event "Titled Tuesday Blitz November 22 Late 2022"]
[White "Vlassov, Nikolai"]
[Black "Barria Zuniga, Daniel"]
[WhiteFideId "4103360"]
[BlackFideId "3400816"]
[WhiteElo "2324"]
[BlackElo "2414"]
[Result "0-1"]
[Round "09"]
[TimeControl "180+1"]
[Date "2022.11.23"]
[WhiteClock "0:00:06"]
[BlackClock "0:00:06"]

1. e4 c5 2. c3 d5 3. exd5 Qxd5 4. d4 Nc6 5. Nf3 Bf5 6. Be3 cxd4 7. Nxd4 Nf6 8. Nxf5 Qxf5 9. Bd3 Qd5 10. O-O O-O-O 11. Be2 e6 12. Qa4 Qe4 13. b4 Nd5 14. Bf3 Qc4 15. Bxa7 Bd6 16. g3 Nxa7 17. Qxa7 Bb8 18. Qa3 h5 19. Nd2 Qd3 20. Rfd1 h4 21. Be4 Qe2 22. Bf3 Qd3 23. Bxd5 Rxd5 24. Nf1 Qxd1 25. Rxd1 Rxd1 26. Qb3 Rd7 27. gxh4 Rxh4 28. Ng3 Rf4 29. Kg2 Rd2 30. Nh1 Rg4+ 31. Kf3 f5 32. h3 Rd3+ 33. Ke2 Rxh3 34. Ng3 Bxg3 35. fxg3 Rgxg3 36. Qxe6+ Kc7 37. Qxf5 Rxc3 38. Qf7+ Kb6 39. Qe6+ Kb5 40. a4+ Kxb4 41. Qe7+ Kxa4 42. Qd7+ Ka3 43. Qe7+ Kb2 44. Qc7 Rxc7 0-1


[Site "https://www.chess.com"]

[Event "Titled Tuesday Blitz November 22 Late 2022"]
[White "Walentukiewicz, Michal"]
[Black "Brown, Andrew"]
[WhiteFideId "1126903"]
[BlackFideId "3206513"]
[WhiteElo "2026"]
[BlackElo "2245"]
[Result "0-1"]
[Round "09"]
[TimeControl "180+1"]
[Date "2022.11.23"]
[WhiteClock "0:01:33"]
[BlackClock "0:00:14"]

1. g3 g6 2. Bg2 Bg7 3. Nf3 d5 4. O-O e5 5. c4 d4 6. d3 Ne7 7. e3 dxe3 8. Bxe3 O-O 9. Nc3 Nbc6 10. a3 Bf5 11. Ne4 a5 12. Bg5 h6 13. Be3 b6 14. Qc2 Qd7 15. Rfd1 Rad8 16. Rab1 Bg4 17. b4 axb4 18. axb4 f5 19. Nc3 f4 20. gxf4 exf4 21. Re1 fxe3 22. Rxe3 Bxf3 23. Bxf3 Nd4 24. Qd1 Nxf3+ 25. Rxf3 Rxf3 26. Qxf3 Bxc3 27. Rd1 Rf8 28. Qe4 Bd4 29. Rd2 Nf5 30. Re2 Kg7 31. b5 Rf7 32. Qg4 Re7 33. Ra2 Re1+ 34. Kg2 Ne3+ 35. fxe3 Qxg4+ 0-1


[Site "https://www.chess.com"]

[Event "Titled Tuesday Blitz November 22 Late 2022"]
[White "Wirig, Anthony"]
[Black "Feng, Eric"]
[WhiteFideId "615013"]
[BlackFideId "30952590"]
[WhiteElo "2487"]
[BlackElo "1785"]
[Result "1-0"]
[Round "09"]
[TimeControl "180+1"]
[Date "2022.11.23"]
[WhiteClock "0:00:22"]
[BlackClock "0:01:04"]

1. e4 c6 2. Nf3 d5 3. Nc3 dxe4 4. Nxe4 Nf6 5. Qe2 Nxe4 6. Qxe4 Nd7 7. Bc4 Nf6 8. Ne5 e6 9. Qe2 b5 10. Bd3 Bb7 11. a4 a6 12. b3 Bd6 13. Bb2 Qc7 14. O-O Nd5 15. f4 O-O-O 16. c4 Nb4 17. Be4 f6 18. Nf3 Rhe8 19. cxb5 Bxf4 20. Rac1 Qb6+ 21. Kh1 Rd6 22. Qc4 a5 23. Bd4 Qc7 24. Bc5 Rd7 25. Bxb4 axb4 26. bxc6 Rdd8 27. cxb7+ Kb8 28. Qa6 1-0


[Site "https://www.chess.com"]

[Event "Titled Tuesday Blitz November 22 Late 2022"]
[White "Yeritsyan, Hayk"]
[Black "vjecspec"]
[WhiteFideId "13307320"]
[WhiteElo "2404"]
[BlackElo "2576"]
[Result "0-1"]
[Round "09"]
[TimeControl "180+1"]
[Date "2022.11.23"]
[WhiteClock "0:00:30"]
[BlackClock "0:00:20"]

1. d4 g6 2. Nf3 Bg7 3. Bf4 d6 4. h3 Nd7 5. e3 e5 6. Bh2 exd4 7. exd4 Ngf6 8. c3 O-O 9. Be2 b6 10. O-O Bb7 11. Nbd2 Re8 12. Re1 Bh6 13. Nc4 Nh5 14. Nfd2 Nf4 15. Bxf4 Bxf4 16. Bf3 Rxe1+ 17. Qxe1 Bxf3 18. Nxf3 Qf8 19. Qe4 Bh6 20. Re1 Nf6 21. Qe7 Qxe7 22. Rxe7 Nd5 23. Rd7 Rc8 24. Na3 a6 25. c4 Kf8 26. c5 Ke8 27. c6 Nf6 28. Nc4 Nxd7 29. cxd7+ Kxd7 30. Kf1 Re8 31. g4 Bc1 32. b3 f6 33. d5 Re4 34. a4 b5 35. axb5 axb5 36. Na5 Re8 37. Nc6 Bb2 38. h4 Re4 39. g5 f5 40. Kg2 Re2 41. Kg3 Ba3 42. h5 Bc5 43. hxg6 hxg6 44. Nfd4 Bxd4 45. Nxd4 Rb2 46. f3 b4 47. Kf4 Rd2 48. Ke3 Rd1 49. Nc6 Rxd5 50. Nxb4 Rb5 51. Nd3 Rxb3 52. Kd4 Rxd3+ 53. Kxd3 c5 54. Kc4 Kc6 55. f4 d5+ 56. Kd3 Kb5 57. Kc3 d4+ 0-1


[Site "https://www.chess.com"]

[Event "Titled Tuesday Blitz November 22 Late 2022"]
[White "Yuan, Qingyu"]
[Black "Souleidis, Georgios"]
[WhiteFideId "8609772"]
[BlackFideId "4206827"]
[WhiteElo "2359"]
[BlackElo "2401"]
[Result "1-0"]
[Round "09"]
[TimeControl "180+1"]
[Date "2022.11.23"]
[WhiteClock "0:01:22"]
[BlackClock "0:00:25"]

1. e4 c5 2. Nf3 e6 3. d4 cxd4 4. Nxd4 Nf6 5. Nc3 Nc6 6. a3 d5 7. exd5 Nxd5 8. Nxd5 Qxd5 9. Nxc6 Qxc6 10. Qd4 Bd7 11. Bd3 Qxg2 12. Be4 Qg4 13. Be3 f5 14. Rd1 O-O-O 15. Bxb7+ Kxb7 16. Qxa7+ Kc8 17. Qa6+ Kc7 18. Bb6+ 1-0


[Site "https://www.chess.com"]

[Event "Titled Tuesday Blitz November 22 Late 2022"]
[White "Yurovskykh, Oleksandr"]
[Black "Haszon, David"]
[WhiteFideId "14134020"]
[BlackFideId "733610"]
[WhiteElo "2265"]
[BlackElo "2211"]
[Result "0-1"]
[Round "09"]
[TimeControl "180+1"]
[Date "2022.11.23"]
[WhiteClock "0:00:22"]
[BlackClock "0:01:52"]

1. g3 c5 2. Bg2 g6 3. e4 Bg7 4. Ne2 Nc6 5. O-O e6 6. Nbc3 Nge7 7. d3 O-O 8. Be3 Nd4 9. Qd2 Rb8 10. a4 a6 11. Nc1 b5 12. axb5 axb5 13. Nd1 d6 14. c3 Ndc6 15. d4 cxd4 16. cxd4 d5 17. e5 Nf5 18. Ne2 Bd7 19. b4 Qe7 20. Rb1 Ra8 21. Bg5 f6 22. exf6 Bxf6 23. Bxf6 Qxf6 24. Ne3 Ncxd4 25. Nxd4 Nxd4 26. Rfd1 Nf3+ 27. Bxf3 Qxf3 28. Re1 d4 29. Rb2 Bc6 0-1


[Site "https://www.chess.com"]

[Event "Titled Tuesday Blitz November 22 Late 2022"]
[White "Zhigalko, Sergei"]
[Black "Caruana, Fabiano"]
[WhiteFideId "13502956"]
[BlackFideId "2020009"]
[WhiteElo "2662"]
[BlackElo "2847"]
[Result "1-0"]
[Round "09"]
[TimeControl "180+1"]
[Date "2022.11.22"]
[WhiteClock "0:00:01"]
[BlackClock "0:00:02"]

1. e4 c5 2. Nf3 d6 3. d4 cxd4 4. Qxd4 Nc6 5. Bb5 Bd7 6. Bxc6 bxc6 7. c4 e5 8. Qd3 Nf6 9. O-O Qc7 10. Nc3 Be7 11. h3 O-O 12. Re1 h6 13. Be3 Be6 14. Rad1 Nd7 15. b3 f5 16. c5 Nxc5 17. Bxc5 dxc5 18. exf5 Rxf5 19. Qe4 Re8 20. Nxe5 Bf6 21. f4 Bxe5 22. fxe5 Rg5 23. Rd3 c4 24. Rde3 cxb3 25. axb3 Bxb3 26. Qf4 a5 27. Ne4 a4 28. Nxg5 hxg5 29. Qxg5 Be6 30. Rg3 c5 31. Re4 c4 32. Rh4 Rf8 33. Qh6 1-0


[Site "https://www.chess.com"]

[Event "Titled Tuesday Blitz November 22 Late 2022"]
[White "chess50years"]
[Black "Thomas, Anysia"]
[BlackFideId "670472"]
[WhiteElo "2062"]
[BlackElo "2069"]
[Result "1-0"]
[Round "09"]
[TimeControl "180+1"]
[Date "2022.11.23"]
[WhiteClock "0:00:06"]
[BlackClock "0:00:05"]

1. c4 g6 2. Nc3 Bg7 3. g3 Nf6 4. Bg2 O-O 5. e3 c5 6. Nge2 Nc6 7. O-O e6 8. d4 cxd4 9. Nxd4 d5 10. cxd5 Nxd5 11. Nxd5 exd5 12. Nxc6 bxc6 13. Qa4 Qb6 14. Bd2 Bf5 15. Rac1 Qxb2 16. Bb4 Rfb8 17. Bc5 Qb5 18. Qa3 Rc8 19. h3 a5 20. Rfd1 Bd3 21. Bd4 Bc4 22. Bxg7 Kxg7 23. Qc3+ f6 24. e4 Bxa2 25. exd5 Bxd5 26. Qe3 Re8 27. Qf4 Ra7 28. Bxd5 cxd5 29. Rc7+ Rxc7 30. Qxc7+ Kg8 31. Qd6 a4 32. Rxd5 Qb1+ 33. Kh2 Qb2 34. Rd2 Qe5 35. Qa3 Qe4 36. Rd7 Qe2 37. Qc5 Qe6 38. Ra7 h5 39. Qc7 1-0


[Site "https://www.chess.com"]

[Event "Titled Tuesday Blitz November 22 Late 2022"]
[White "monkins"]
[Black "Marcolino, Daniel Mattos"]
[BlackFideId "2106841"]
[WhiteElo "2297"]
[BlackElo "2101"]
[Result "0-1"]
[Round "09"]
[TimeControl "180+1"]
[Date "2022.11.23"]
[WhiteClock "0:00:01"]
[BlackClock "0:00:31"]

1. Nf3 d5 2. c4 e6 3. g3 Nf6 4. Bg2 b6 5. O-O Bb7 6. d3 dxc4 7. dxc4 Qxd1 8. Rxd1 Be7 9. Bf4 c5 10. Nc3 O-O 11. Nb5 Nbd7 12. Bd6 Bxd6 13. Nxd6 Bc6 14. Rd2 Rfd8 15. Rad1 Kf8 16. b3 Ke7 17. h3 h6 18. Ne1 Bxg2 19. Kxg2 Ne5 20. Nf3 Nc6 21. Nb5 Rxd2 22. Rxd2 a6 23. Nc3 Rd8 24. Na4 Rxd2 25. Nxd2 Nd7 26. e3 Nb4 27. Nc3 Kd6 28. f4 e5 29. Kf3 exf4 30. exf4 Nf6 31. Nde4+ Nxe4 32. Kxe4 Kc6 33. f5 b5 34. cxb5+ axb5 35. f6 gxf6 36. Kf5 Kd6 37. Kxf6 Nd5+ 38. Nxd5 Kxd5 39. Kxf7 c4 0-1


[Site "https://www.chess.com"]

[Event "Titled Tuesday Blitz November 22 Late 2022"]
[White "Ai, Evan"]
[Black "Polster, Christian"]
[WhiteFideId "2094770"]
[BlackFideId "12965081"]
[WhiteElo "1963"]
[BlackElo "2209"]
[Result "1-0"]
[Round "10"]
[TimeControl "180+1"]
[Date "2022.11.23"]
[WhiteClock "0:01:08"]
[BlackClock "0:00:06"]

1. e4 c5 2. Nf3 d6 3. d4 cxd4 4. Nxd4 Nf6 5. Nc3 a6 6. h3 e5 7. Nf3 Qc7 8. g4 Be6 9. Bg2 Be7 10. g5 Nfd7 11. Be3 Nb6 12. Qe2 N8d7 13. O-O-O Nc4 14. Nd5 Bxd5 15. exd5 Rc8 16. Kb1 Nxe3 17. fxe3 e4 18. Nd4 Bxg5 19. Bxe4 Nc5 20. Bf5 Rd8 21. e4 Bf6 22. Rhf1 O-O 23. Bxh7+ Kxh7 24. Qh5+ Kg8 25. Rxf6 Nxe4 26. Rf4 Rde8 27. Rh4 f5 28. Qh7+ Kf7 29. Ne6 Qb6 30. Qxg7# 1-0


[Site "https://www.chess.com"]

[Event "Titled Tuesday Blitz November 22 Late 2022"]
[White "Andreikin, Dmitry"]
[Black "Zhigalko, Sergei"]
[WhiteFideId "4158814"]
[BlackFideId "13502956"]
[WhiteElo "2736"]
[BlackElo "2662"]
[Result "1-0"]
[Round "10"]
[TimeControl "180+1"]
[Date "2022.11.22"]
[WhiteClock "0:01:34"]
[BlackClock "0:00:08"]

1. Nf3 Nf6 2. g3 e6 3. Bg2 d5 4. O-O b5 5. d3 Bb7 6. c4 b4 7. cxd5 exd5 8. a3 Nbd7 9. Bf4 a5 10. axb4 Bxb4 11. Qc1 c5 12. Bd6 Qb6 13. Qe3+ Kd8 14. Qe7+ Kc8 15. Bh3 h5 16. Ne5 Bc6 17. Qxf7 Ra7 18. Qxg7 Qd8 19. Nxc6 Rg8 20. Nxa7+ 1-0


[Site "https://www.chess.com"]

[Event "Titled Tuesday Blitz November 22 Late 2022"]
[White "Annaberdiyev, Babageldi"]
[Black "Wirig, Anthony"]
[WhiteFideId "14000385"]
[BlackFideId "615013"]
[WhiteElo "2332"]
[BlackElo "2487"]
[Result "0-1"]
[Round "10"]
[TimeControl "180+1"]
[Date "2022.11.22"]
[WhiteClock "0:00:15"]
[BlackClock "0:00:07"]

1. e4 c5 2. Nf3 e6 3. d3 Nc6 4. Nbd2 d5 5. g3 Nge7 6. Bg2 g6 7. h4 h6 8. O-O Bg7 9. Re1 b6 10. c3 a5 11. e5 Ba6 12. Nf1 Qc7 13. Bf4 g5 14. hxg5 Ng6 15. gxh6 Bxh6 16. Bxh6 Rxh6 17. d4 Bxf1 18. Rxf1 c4 19. b3 Nce7 20. bxc4 Qxc4 21. Rb1 Qxa2 22. Rxb6 Kf8 23. Qa1 Qc4 24. Rfb1 Kg7 25. Bf1 Qc8 26. Rb7 a4 27. Qa3 Nf5 28. Ng5 Nh8 29. Bg2 Rg6 30. f4 Nxg3 31. Rxf7+ Nxf7 32. Qe7 Qe8 33. Nxe6+ Rxe6 34. Qh4 Rg6 35. f5 Nxf5 36. Qf2 Qe6 37. Rf1 N7h6 38. c4 a3 39. cxd5 Qxd5 0-1


[Site "https://www.chess.com"]

[Event "Titled Tuesday Blitz November 22 Late 2022"]
[White "Antonova, Nadezhda"]
[Black "Remolar Gallen, Jose"]
[WhiteFideId "14700182"]
[BlackFideId "2215187"]
[WhiteElo "1813"]
[BlackElo "2252"]
[Result "1-0"]
[Round "10"]
[TimeControl "180+1"]
[Date "2022.11.23"]
[WhiteClock "0:01:54"]
[BlackClock "0:01:41"]

1. Nf3 Nf6 2. b3 d5 3. Bb2 c5 4. e3 e6 5. Bb5+ Bd7 6. Qe2 Nc6 7. O-O Be7 8. d3 O-O 9. Nbd2 a6 10. Bxc6 Bxc6 11. Ne5 Bd6 12. f4 Bc7 13. Nxc6 bxc6 14. e4 d4 15. Nc4 Qe7 16. a4 e5 17. f5 h6 18. g4 Nh7 19. Bc1 Qh4 20. Qg2 Nf6 21. h3 Rae8 22. Nd2 Ba5 23. Nf3 1-0


[Site "https://www.chess.com"]

[Event "Titled Tuesday Blitz November 22 Late 2022"]
[White "Arbunic Castro, Giovanna"]
[Black "Rodriguez Santiago, Jaime"]
[WhiteFideId "3400549"]
[BlackFideId "3100898"]
[WhiteElo "1992"]
[BlackElo "2025"]
[Result "1-0"]
[Round "10"]
[TimeControl "180+1"]
[Date "2022.11.23"]
[WhiteClock "0:00:18"]
[BlackClock "0:00:10"]

1. e4 c6 2. d4 d5 3. e5 Bf5 4. Nf3 e6 5. Be2 c5 6. dxc5 Bxc5 7. a3 Nc6 8. b4 Be7 9. Nbd2 Qc7 10. Bb2 h5 11. c4 dxc4 12. Nxc4 Rd8 13. Qb3 Bg4 14. O-O Nh6 15. Nd6+ Kf8 16. Qc3 Qb8 17. b5 Bxf3 18. Bxf3 Nxe5 19. Qxe5 Bf6 20. Qe2 Bxb2 21. Qxb2 Rxd6 22. Rfd1 b6 23. Rxd6 Qxd6 24. Rd1 Qc7 25. Qb4+ Kg8 26. Bc6 Ng4 27. g3 h4 28. Rd7 Qe5 29. Qxg4 Qe1+ 30. Kg2 h3+ 31. Kf3 Qh1+ 32. Kf4 e5+ 33. Kf5 g6+ 34. Kf6 Qa1 35. Rd8+ Kh7 36. Qh4# 1-0


[Site "https://www.chess.com"]

[Event "Titled Tuesday Blitz November 22 Late 2022"]
[White "Arnold, Ken"]
[Black "Curtis, John"]
[WhiteFideId "2056836"]
[BlackFideId "3200256"]
[WhiteElo "2363"]
[BlackElo "2203"]
[Result "1/2-1/2"]
[Round "10"]
[TimeControl "180+1"]
[Date "2022.11.23"]
[WhiteClock "0:00:26"]
[BlackClock "0:00:17"]

1. c4 Nf6 2. Nf3 g6 3. Nc3 Bg7 4. b3 O-O 5. Bb2 d5 6. cxd5 Nxd5 7. e3 Nxc3 8. Bxc3 Bxc3 9. dxc3 Qxd1+ 10. Rxd1 Bg4 11. h3 Bxf3 12. gxf3 Nc6 13. Bb5 Rfd8 14. Bxc6 bxc6 15. Ke2 Rd6 16. Rd4 e5 17. Rxd6 cxd6 18. Rd1 Rd8 19. c4 Kf8 20. e4 Ke7 21. h4 h6 22. Ke3 g5 23. hxg5 hxg5 24. Rh1 Rg8 25. Rh6 c5 26. Rh1 a5 27. Kd3 a4 28. Kc3 Ra8 29. b4 cxb4+ 30. Kxb4 Rb8+ 31. Ka3 Rc8 32. Rc1 Ra8 33. c5 dxc5 34. Rxc5 Kd6 35. Rd5+ Ke6 36. Kb4 Rb8+ 37. Rb5 Rd8 38. Kc3 Rd1 39. Rb6+ Ke7 40. Rb2 a3 41. Rd2 Rb1 42. Kd3 f6 43. Rc2 Kf7 44. Rc3 Rb2 45. Rxa3 Rxf2 46. Ke3 Rf1 47. Ra7+ Kg6 48. a4 Ra1 49. Ra8 Ra3+ 50. Kf2 g4 51. Rg8+ Kf7 1/2-1/2


[Site "https://www.chess.com"]

[Event "Titled Tuesday Blitz November 22 Late 2022"]
[White "Barria Zuniga, Daniel"]
[Black "Lopez Mulet, Inigo"]
[WhiteFideId "3400816"]
[BlackFideId "22235620"]
[WhiteElo "2414"]
[BlackElo "2289"]
[Result "0-1"]
[Round "10"]
[TimeControl "180+1"]
[Date "2022.11.23"]
[WhiteClock "0:00:10"]
[BlackClock "0:00:45"]

1. d4 Nf6 2. c4 c5 3. d5 b5 4. Qc2 e6 5. e4 bxc4 6. Nc3 Bb7 7. Bxc4 exd5 8. exd5 d6 9. Nf3 Be7 10. O-O O-O 11. b3 Nfd7 12. Bb2 Bf6 13. Rfe1 Na6 14. Rad1 Nb4 15. Qd2 Nb6 16. a3 Na6 17. Ne4 Bxb2 18. Qxb2 Nc7 19. Nc3 Nxc4 20. bxc4 Ba6 21. Qa2 Rb8 22. a4 Rb4 23. Nb5 Qd7 24. h4 Bc8 25. Re3 a6 26. Nc3 Qg4 27. Re4 Qh5 28. Rde1 Bg4 29. Nh2 Bf5 30. g4 Qg6 31. h5 Qf6 32. gxf5 Qxc3 33. h6 gxh6 34. Qe2 Kh8 35. Qh5 Rxc4 36. Qxh6 Rg8+ 37. Kf1 Qd3+ 38. R4e2 Nxd5 39. Nf3 Qxf3 40. Re8 Qg2+ 0-1


[Site "https://www.chess.com"]

[Event "Titled Tuesday Blitz November 22 Late 2022"]
[White "Besedes, Danilo"]
[Black "Yeritsyan, Hayk"]
[WhiteFideId "946796"]
[BlackFideId "13307320"]
[WhiteElo "2352"]
[BlackElo "2400"]
[Result "1-0"]
[Round "10"]
[TimeControl "180+1"]
[Date "2022.11.23"]
[WhiteClock "0:00:11"]
[BlackClock "0:00:07"]

1. b3 d5 2. Bb2 Nf6 3. e3 Bf5 4. Nf3 e6 5. c4 c6 6. Nc3 Bd6 7. d4 Nbd7 8. Be2 Qe7 9. Nh4 Be4 10. O-O O-O 11. Nxe4 Nxe4 12. Nf3 f5 13. a3 Qf6 14. b4 g5 15. b5 g4 16. Nd2 Qh4 17. f4 gxf3 18. Nxf3 Qh6 19. Qb3 Nd2 20. Qd3 Nxf1 21. Rxf1 Nf6 22. Bc1 Ne4 23. c5 Bc7 24. bxc6 bxc6 25. Qa6 Rac8 26. Bd3 Qg7 27. Kh1 Kh8 28. Bc2 Qh6 29. Kg1 Rg8 30. Bxe4 fxe4 31. Ne5 Bxe5 32. dxe5 Qg7 33. g3 Rcf8 34. Rf4 Qxe5 35. Qe2 Rxf4 36. Bb2 Rf5 37. Bxe5+ Rxe5 38. Qb2 Rg5 39. h4 Rxg3+ 40. Kh2 Rxe3 41. Qxe5+ Kg8 42. Qg5+ Kh8 43. Qxe3 e5 44. Qg5 1-0


[Site "https://www.chess.com"]

[Event "Titled Tuesday Blitz November 22 Late 2022"]
[White "Bobkov, Vadim"]
[Black "Golubev, Mikhail"]
[WhiteFideId "34110876"]
[BlackFideId "14100983"]
[WhiteElo "2172"]
[BlackElo "2374"]
[Result "0-1"]
[Round "10"]
[TimeControl "180+1"]
[Date "2022.11.22"]
[WhiteClock "0:00:14"]
[BlackClock "0:00:11"]

1. d4 Nf6 2. c4 g6 3. Nc3 Bg7 4. e4 d6 5. Be2 O-O 6. Bg5 c5 7. d5 h6 8. Be3 e6 9. Qd2 exd5 10. exd5 Kh7 11. Nf3 Bf5 12. h3 Ne4 13. Nxe4 Bxe4 14. Bf4 Bxf3 15. Bxf3 Re8+ 16. Be2 Qf6 17. Bg3 Qe7 18. Rc1 Nd7 19. Rc2 Nf6 20. f3 Nh5 21. Bf2 Be5 22. O-O Bf4 23. Qd1 Qg5 24. Re1 Bg3 25. Bd3 Nf4 26. Bf1 Rxe1 27. Qxe1 Bxf2+ 28. Kxf2 Nxh3+ 29. Ke2 Re8+ 30. Kd1 Rxe1+ 31. Kxe1 Nf4 32. Rd2 Qe5+ 33. Kf2 Nh5 34. Bd3 Qg3+ 35. Kf1 Nf4 36. Bc2 h5 37. Rf2 h4 38. Be4 Qh2 39. Ke1 Qg1+ 40. Rf1 Qe3+ 41. Kd1 Qe2+ 0-1


[Site "https://www.chess.com"]

[Event "Titled Tuesday Blitz November 22 Late 2022"]
[White "Brown, Andrew"]
[Black "Reprintsev, Alexander"]
[WhiteFideId "3206513"]
[BlackFideId "14100541"]
[WhiteElo "2245"]
[BlackElo "2230"]
[Result "1-0"]
[Round "10"]
[TimeControl "180+1"]
[Date "2022.11.23"]
[WhiteClock "0:00:03"]
[BlackClock "0:00:11"]

1. d4 d5 2. c4 e5 3. dxe5 d4 4. Nf3 Nc6 5. a3 g6 6. Bg5 Qd7 7. e3 h6 8. Bf4 g5 9. e6 fxe6 10. Ne5 Qg7 11. Qh5+ Ke7 12. Ng6+ Kd8 13. Nxh8 gxf4 14. Ng6 Nf6 15. Qh4 Qxg6 16. exf4 Be7 17. Nd2 Bd7 18. Qg3 Qc2 19. Qb3 Qf5 20. g3 Na5 21. Qd3 Bc6 22. Qxf5 exf5 23. f3 Ba4 24. Bd3 Bd7 25. b4 Nc6 26. Kf2 Ke8 27. Rhe1 Kf7 28. Nb3 Rd8 29. Re2 Bc8 30. Rae1 Bf8 31. c5 a6 32. Bc4+ Kg6 33. Nc1 b5 34. cxb6 cxb6 35. Nd3 b5 36. Be6 Bb7 37. h3 a5 38. g4 fxg4 39. fxg4 axb4 40. axb4 Nxb4 41. Nxb4 Bxb4 42. Bf5+ Kg7 43. Re7+ Bxe7 44. Rxe7+ Kf8 45. Rxb7 d3 46. Ke1 Rd5 47. Be6 Rc5 48. Rf7+ Ke8 49. Rxf6 Ke7 50. Rxh6 Rc2 51. Bb3 Rb2 52. Bd5 b4 53. g5 Re2+ 54. Kd1 Rf2 55. Rf6 b3 56. Bxb3 Rh2 57. Re6+ Kd7 58. g6 Rxh3 59. f5 Rg3 60. Re4 d2 61. Be6+ Kd6 62. Kxd2 Ke7 63. Re3 Kf6 64. Rxg3 1-0


[Site "https://www.chess.com"]

[Event "Titled Tuesday Blitz November 22 Late 2022"]
[White "Burke, Paul"]
[Black "Gerbelli Neto, Eduardo"]
[WhiteFideId "2605767"]
[BlackFideId "2103281"]
[WhiteElo "1938"]
[BlackElo "2178"]
[Result "0-1"]
[Round "10"]
[TimeControl "180+1"]
[Date "2022.11.23"]
[WhiteClock "0:00:05"]
[BlackClock "0:01:05"]

1. e4 e5 2. Nf3 Nc6 3. Bc4 Nf6 4. O-O Nxe4 5. d4 d5 6. Bb5 exd4 7. Nxd4 Bd7 8. Nxc6 bxc6 9. Bd3 Nf6 10. Re1+ Be7 11. Qe2 Be6 12. c4 O-O 13. cxd5 cxd5 14. Nc3 h6 15. Bf4 Bd6 16. Be5 Bxe5 17. Qxe5 Qd7 18. Rad1 Rfe8 19. Qg3 c6 20. h3 Bf5 21. Rxe8+ Rxe8 22. Bxf5 Qxf5 23. Qd3 Qxd3 24. Rxd3 Re1+ 25. Kh2 Kf8 26. Rd2 Ke7 27. f3 g5 28. Re2+ Rxe2 29. Nxe2 c5 30. Kg3 d4 31. Kf2 Ke6 32. b3 Nd5 33. Nc1 Nc3 34. Ke1 Kd5 35. Kd2 f5 36. a3 Nb1+ 0-1


[Site "https://www.chess.com"]

[Event "Titled Tuesday Blitz November 22 Late 2022"]
[White "Cardoso Cardoso, Jose Gabriel"]
[Black "Corrales Jimenez, Fidel"]
[WhiteFideId "4430492"]
[BlackFideId "3506690"]
[WhiteElo "2484"]
[BlackElo "2541"]
[Result "1-0"]
[Round "10"]
[TimeControl "180+1"]
[Date "2022.11.22"]
[WhiteClock "0:00:07"]
[BlackClock "0:00:03"]

1. d4 Nf6 2. Nc3 d5 3. Bf4 g6 4. h4 Bg7 5. e3 c6 6. h5 Nxh5 7. Rxh5 gxh5 8. Qxh5 Nd7 9. O-O-O Nf6 10. Qh4 Bf5 11. f3 h5 12. Nge2 Qa5 13. Ng3 Bg6 14. e4 dxe4 15. fxe4 Ng4 16. e5 O-O-O 17. Nge4 Bxe4 18. Nxe4 Qxa2 19. c3 f6 20. Nc5 Rd5 21. Bd3 Rxc5 22. dxc5 Qa1+ 23. Bb1 Nxe5 24. Qg3 Ng4 25. Qd3 e5 26. Qd7+ Kb8 27. Qxg7 Rc8 28. Bg3 Qa5 29. Rd7 Qa6 30. Bd3 Qa1+ 31. Kc2 Qa4+ 32. Kd2 Ka8 33. Rxb7 e4 34. Qd7 e3+ 35. Ke2 Rg8 36. Rb4 Ne5 37. Bxe5 Rxg2+ 38. Kxe3 1-0


[Site "https://www.chess.com"]

[Event "Titled Tuesday Blitz November 22 Late 2022"]
[White "Chigaev, Maksim"]
[Black "Bortnyk, Olexandr"]
[WhiteFideId "4108116"]
[BlackFideId "14120828"]
[WhiteElo "2541"]
[BlackElo "2723"]
[Result "0-1"]
[Round "10"]
[TimeControl "180+1"]
[Date "2022.11.22"]
[WhiteClock "0:00:02"]
[BlackClock "0:00:09"]

1. e4 Nf6 2. e5 Nd5 3. d4 d6 4. Nf3 dxe5 5. Nxe5 c6 6. Be2 Bf5 7. O-O Nd7 8. Nf3 e6 9. c4 N5f6 10. Nc3 Bd6 11. Nh4 Bg6 12. g3 O-O 13. Be3 Qc7 14. Rc1 a5 15. a3 Rfe8 16. Bf3 e5 17. d5 e4 18. Bg2 Bc5 19. Nxg6 hxg6 20. Bf4 Qb6 21. Na4 Qa6 22. Re1 Rad8 23. Bc7 Rc8 24. d6 e3 25. Nxc5 exf2+ 26. Kxf2 Nxc5 27. Rxe8+ Rxe8 28. Kg1 a4 29. Qf1 Qa7 30. Qf2 Nfd7 31. Rd1 Re5 32. h3 Qa6 33. Qd4 Nb3 34. Qc3 Qa7+ 35. Kh2 Re2 36. c5 Qxc5 37. Qxc5 Nbxc5 38. Kg1 Rxb2 39. Re1 Ne6 40. h4 Rb3 41. Bh3 Rxg3+ 42. Kh2 Rxa3 43. Bxe6 fxe6 44. Rxe6 Rd3 45. Re8+ Kh7 46. Ra8 b5 47. Ra6 a3 48. Rxc6 b4 49. Ra6 Rd2+ 50. Kg3 a2 51. Kf4 b3 0-1


[Site "https://www.chess.com"]

[Event "Titled Tuesday Blitz November 22 Late 2022"]
[White "Clawitter, Craig"]
[Black "Musovic, Armin"]
[WhiteFideId "2023105"]
[BlackFideId "939935"]
[WhiteElo "2279"]
[BlackElo "2288"]
[Result "0-1"]
[Round "10"]
[TimeControl "180+1"]
[Date "2022.11.23"]
[WhiteClock "0:00:04"]
[BlackClock "0:01:20"]

1. e4 c6 2. Nf3 d5 3. e5 c5 4. d4 Nc6 5. dxc5 Bg4 6. c3 e6 7. Bb5 Bxf3 8. Qxf3 Bxc5 9. b4 Bb6 10. Qg3 Kf8 11. O-O Nge7 12. Bg5 Qc7 13. Bd3 h6 14. Bxe7+ Nxe7 15. a4 a5 16. Na3 Nc6 17. Rfe1 axb4 18. Nb5 Qe7 19. cxb4 Nxb4 20. Nd6 Bc5 21. Rac1 b6 22. Bb5 g5 23. Kh1 Kg7 24. f4 Bxd6 25. exd6 Qxd6 26. fxg5 Qxg3 27. hxg3 hxg5+ 28. Kg1 Rhc8 29. Kf2 Rc5 30. Rxc5 bxc5 31. Rc1 Ra5 32. Rxc5 Nd3+ 33. Bxd3 Rxc5 34. Bb5 Rc2+ 35. Ke3 Rxg2 36. Kf3 Ra2 0-1


[Site "https://www.chess.com"]